 Dungeon Crawl Stone Soup version 0.26-a0-661-g406de6ba63 (webtiles) character file.

Game seed: 3102842784208926953

5 tom967 the Skirmisher (level 1, 18/18 HPs)
             Began as a Formicid Abyssal Knight on Oct 8, 2020.
             Was a Follower of Lugonu.
             Got out of the dungeon alive.
             The game lasted 00:03:30 (142 turns).

tom967 the Skirmisher (Formicid Abyssal Knight)      Turns: 142, Time: 00:03:31

Health: 18/18      AC:  3    Str: 16    XL:     1   Next: 88%
Magic:  2/2        EV: 11    Int: 11    God:    Lugonu [*.....]
Gold:   0          SH:  0    Dex: 10    Spells: 0/0 levels left

rFire    . . .     SeeInvis +   a - +1 spear
rCold    . . .     Faith    .   (no shield)
rNeg     . . .     Spirit   .   b - +0 leather armour
rPois    .         Reflect  .   (helmet unavailable)
rElec    .         Harm     .   (no cloak)
rCorr    .         Rampage  .   (no gloves)
MR       .....                  (no boots)
Stlth    +.........             (no amulet)
HPRegen  0.06/turn              (no ring)
MPRegen  0.08/turn              (no ring)

@: no status effects
A: permanent stasis, dig shafts and tunnels, four strong arms, antennae 3
a: Dig, Shaft Self, Depart the Abyss, Renounce Religion


You escaped.
You worshipped Lugonu.
Lugonu was aware of your devotion.
You visited 1 branch of the dungeon, and saw 1 of its levels.
You visited the Abyss 1 time.

Inventory:

Hand Weapons
 a - a +1 spear (weapon)
Armour
 b - a +0 leather armour (worn)
 d - a cursed +0 leather armour
Potions
 c - a potion of berserk rage {unknown}


   Skills:
 + Level 3.6 Fighting
 + Level 2.0 Polearms
 + Level 2.3 Armour
 + Level 0.8 Dodging
 + Level 2.1 Invocations


You couldn't memorise any spells.
You didn't know any spells.
Your spell library was empty.

Dungeon Overview and Level Annotations

Branches:
Dungeon (1/15)

Altars:


Innate Abilities, Weirdness & Mutations

You cannot be hasted, slowed, berserked, paralysed or teleported.
You can dig through walls and to a lower floor.
Your four strong arms can wield two-handed weapons with a shield.
You have a pair of large antennae on your head. (SInv)


Message History

Press: ? - help, Dir - move target cursor, f/p - dart slug
Aim: a dart slug (severely wounded)
You barely miss the dart slug.
The dart slug is severely wounded.
The dart slug misses you.
Attack whom?
Press: ? - help, Dir - move target cursor, f/p - dart slug
Aim: a dart slug (severely wounded)
You hit the dart slug.
You kill the dart slug!
Lugonu accepts your kill.
Attack whom?
Press: ? - help, Dir - move target cursor, f - you That would be overly suicidal.
Okay, then.
You see here a dart slug corpse.
There is a staircase leading out of the dungeon here.
You can't go down here!
Are you sure you want to leave the Dungeon?
This will make you lose the game!
You have escaped!

w.g.'.........#
...##.........# .{
#.#####...#########
{ #.# #.#.........#
#.# #.##+###'##.#
#.# #.#≈.≈§≈.≈#.#
#.# #.#≈§.≈†≈§#.#
#.# #.#≈≈..§§≈#)#
#.# #...≈§@§§..)#
..# #.#§§§..≈≈###
#.#≈≈.≈.≈≈#
#.#≈.≈≈≈.≈#
#.##+###'##
#........#
##########


There were no monsters in sight!

Vanquished Creatures
  A dart slug (D:1)
  2 hobgoblins (D:1)
3 creatures vanquished.

Notes
Turn   | Place    | Note
-------+----------+-------------------------------------------
     0 | Abyss:1  | tom967 the Formicid Abyssal Knight began the quest for the
                  | Orb.
     0 | Abyss:1  | Reached XP level 1. HP: 18/18 MP: 2/2
    50 | Abyss:1  | Noticed a large abomination
    51 | D:1      | Escaped the Abyss
   142 | D:$      | Got out of the dungeon alive.

Illustrated notes

Levels and vault maps discovered:
D:1:      ncdulo_lavacross, layout_basic, minmay_misc_feat_plants

Action                   || total
-------------------------++-------
Melee: Spear             ||    11
Armor: Leather armour    ||     1
Dodge: Dodged            ||     4

Table legend: (Time is in decaauts)
 A = Elapsed time spent in this place.
 B = Non-inter-level travel time spent in this place.
 C = Inter-level travel time spent in this place.
 D = Time resting spent in this place.
 E = Time spent auto-exploring this place.
 F = Levels seen in this place.
 G = Mean time per level.
                   A        B        C        D        E       F      G
               +--------+--------+--------+--------+--------+-----+--------+
         Total |    141 |    125 |     16 |     15 |     30 |   2 |   70.5 |
       Dungeon |     90 |     74 |     16 |      0 |     30 |   1 |   90.0 |
         Abyss |     51 |     51 |      0 |     15 |      0 |   1 |   51.0 |
               +--------+--------+--------+--------+--------+-----+--------+

Top non-repeatable levels by time:
     D:1: 90 daAuts
 Abyss:1: 51 daAuts
